 Seeded DCSS version 0.27.1-34-g3ba077fa99 (webtiles) character file.

Game seed: 17438665072932102009 (custom seed)

252818 ravioli the Sorcerer (level 20, -22/125 HPs)
             Began as a Djinni Fire Elementalist on Feb 2, 2022.
             Was a Priest of Ashenzari.
             Killed from afar by an ironbound frostheart (26 damage)
             ... by creeping frost
             ... on level 1 of the Vaults on Feb 3, 2022.
             The game lasted 03:07:31 (54214 turns).

ravioli the Sorcerer (Djinni Fire Elementalist)    Turns: 54214, Time: 03:07:32

Health: -22/125    AC: 10    Str:  8    XL:     20   Next: 49%
Gold:   2924       EV: 19    Int: 34    God:    Ashenzari [***...] SH:  0 Dex: 17

rFire    + + .     SeeInvis +   a - staff of earth
rCold    . . .     Faith    .   (no shield)
rNeg     . . .     Spirit   .   F - +2 robe {Archmagi}
rPois    ∞         Reflect  .   B - +2 helmet of the Cursed Pleiades {Regen+ Int+5, Self, Cun} (curse)
rElec    +         Harm     .   g - +2 cloak
rCorr    .         Rampage  .   (no gloves)
Will     ++...     Archmagi +   (boots unavailable) Stlth ++++......Clarity +
                                u - amulet "Bound With Me" {rElec Regen+ Int+5 Dex+2, Melee, Self} (curse)
HPRegen  2.30/turn              f - ring "Apathy of Ashenzari" {Wiz, Self, Cun} (curse)
MPRegen  0.00/turn              I - ring "Disgust of Ashenzari" {rC+, Evo, Self} (curse)

@: frozen, flying, studying Staves, very slow
A: sickness immunity, fire resistance 2, cold vulnerability 1, float, innate
caster, hp casting, extra vitality 1
}: 2/15 runes: decaying, serpentine
a: Renounce Religion, Curse Item, Shatter the Chains


You were on level 1 of the Vaults.
You worshipped Ashenzari.
Ashenzari was most pleased with you.
You visited 7 branches of the dungeon, and saw 33 of its levels.
You also visited: Ossuary.

You collected 4465 gold pieces.
You spent 1541 gold pieces at shops.

Inventory:

Hand Weapons
 y - the +5 hand axe "Murmur" {protect, rF+ rCorr Str+5 Dex-3}
   (You found it on level 5 of the Dungeon)

   It grants its wielder temporary protection when it strikes (+7 to AC).
   Str:       It affects your strength (+5).
   Dex:       It affects your dexterity (-3).
   rF:        It protects you from fire.
   rCorr:     It protects you from acid and corrosion.
 O - the +9 war axe of the Lettuce {elec, Int+3}
   (You bought it in a shop on level 2 of the Orcish Mines)

   It occasionally discharges a powerful burst of electricity upon striking a
   foe.
   Int:       It affects your intelligence (+3).
 P - the +6 morningstar of the Lurker {spect, rF++ rC+ SInv}
   (You bought it in a shop on level 2 of the Orcish Mines)

   When its wielder attacks, the weapon's spirit leaps out and strikes again.
   The spirit shares a part of any damage it takes with its wielder.
   rF:        It greatly protects you from fire.
   rC:        It protects you from cold.
   SInv:      It lets you see invisible.
Missiles
 i - 7 throwing nets
Armour
 g - a +2 cloak (worn)
 x - a +0 robe of fire resistance
 B - the cursed +2 helmet of the Cursed Pleiades (worn) {Regen+ Int+5, Self, Cun}
   (You bought it in a shop on level 1 of the Dungeon)

   Int:       It affects your intelligence (+5).
   Regen:     It increases your rate of health regeneration.
   It has a curse which improves the following skills: Introspection: Fighting
   and Spellcasting.
   Cunning:   Dodging and Stealth.
 F - a +2 robe of the Archmagi (worn)
 N - a +1 robe of willpower
Magical Staves
 a - a staff of earth (weapon)
 b - a staff of fire
Jewellery
 f - the cursed ring "Apathy of Ashenzari" (left hand) {Wiz, Self, Cun}
   (You found it on level 12 of the Dungeon)

   [ring of wizardry]

   It improves your spell success rate.
   It has a curse which improves the following skills: Introspection: Fighting
   and Spellcasting.
   Cunning:   Dodging and Stealth.
 q - a ring of willpower
 u - the cursed amulet "Bound With Me" (around neck) {rElec Regen+ Int+5 Dex+2, Melee, Self}
   (You bought it in a shop on level 1 of the Dungeon)

   [amulet of regeneration]

   Int:       It affects your intelligence (+5).
   Dex:       It affects your dexterity (+2).
   rElec:     It insulates you from electricity.
   Regen:     It increases your rate of health regeneration.
   It has a curse which improves the following skills: Melee Combat: Short
   Blades, Long Blades, Axes, Maces & Flails, Polearms, Staves and Unarmed
   Combat.
   Introspection: Fighting and Spellcasting.
 w - a ring of protection from cold
 I - the cursed ring "Disgust of Ashenzari" (right hand) {rC+, Evo, Self}
   (You found it on level 10 of the Dungeon)

   [ring of protection from cold]

   rC:        It protects you from cold.
   It has a curse which improves the following skills: Evocations: Evocations.
   Introspection: Fighting and Spellcasting.
 M - a ring of positive energy
 T - an amulet of regeneration
Wands
 m - a wand of iceblast (39)
 G - a wand of acid (8)
 U - a wand of polymorph (25)
 X - a wand of mindburst (18)
Scrolls
 d - 12 scrolls of teleportation
 e - a scroll of blinking
 k - 6 scrolls of enchant weapon
 n - 6 scrolls of magic mapping
 o - a scroll of summoning
 r - 7 scrolls of vulnerability
 t - 8 scrolls of noise
 E - 6 scrolls of fear
 H - 5 scrolls of immolation
 J - 5 scrolls of fog
 R - a scroll of silence
 V - 5 scrolls of enchant armour
Potions
 c - 15 potions of curing
 h - a potion of heal wounds
 l - 2 potions of invisibility
 v - 6 potions of haste
 z - 3 potions of lignification
 A - 4 potions of mutation
 C - 3 potions of might
 K - a potion of cancellation
 W - 5 potions of ambrosia
 Y - a potion of resistance
Miscellaneous
 L - a phial of floods
 Q - a tin of tremorstones (2/2)
 Z - a condenser vane


   Skills:
 + Level 2.5(6.2) Fighting
 * Level 8.6(11.5) Dodging
 - Level 6.6(9.6) Stealth
 - Level 1.1(2.3) Unarmed Combat
 * Level 21.7(25.2) Spellcasting
 - Level 13.9(15.4) Evocations


You had 16 spell levels left.
You knew the following spells:

 Your Spells              Type           Power      Damage    Failure   Level
a - Foxfire               Conj/Fire      100%       2x1d9     0%          1
b - Conjure Flame         Conj/Fire      100%       6-21      0%          3
c - Inner Flame           Hex/Fire       100%       N/A       0%          3
d - Sticky Flame          Conj/Fire      100%       2d11      0%          4
e - Fireball              Conj/Fire      72%        3d27      0%          5
f - Beastly Appendage     Tmut           100%       N/A       0%          1
g - Blink                 Tloc           N/A        N/A       0%          2
h - Confusing Touch       Hex            100%       N/A       0%          3
i - Tukima's Dance        Hex            100%       N/A       0%          3
j - Dispel Undead         Necr           100%       3d31      0%          4
k - Lightning Bolt        Conj/Air       72%        1d97      0%          5
l - Iron Shot             Conj/Erth      85%        9d15      0%          6
m - Summon Hydra          Summ           72%        N/A       0%          7
n - Shadow Creatures      Summ           N/A        N/A       0%          6
Your spell library was empty.

Dungeon Overview and Level Annotations

Branches:
Dungeon (15/15)            Temple (1/1) D:6            Lair (6/6) D:8
  Swamp (4/4) Lair:2        Snake (4/4) Lair:4        Slime (0/5) Lair:6
    Orc (2/2) D:9             Elf (0/3) Orc:2        Vaults (1/5) D:14
 Depths (0/5) D:15        Ossuary (visited)

Altars:
Ashenzari
Cheibriados
Dithmenos
Elyvilon
Fedhas
Gozag
Hepliaklqana
Kikubaaqudgha
Makhleb
Nemelex Xobeh
Qazlal
Ru
Sif Muna
Trog
Uskayaw
Vehumet
Wu Jian
Xom
Yredelemnul
Zin
The Shining One

Shops:
D:1 *   D:7 *   D:10 *   D:13 =   Orc:2 =*[:(   Snake:1 =*

Annotations:
Swamp:3 2 transporters, iwittbrodt's ghost, journeyman MiGl


Innate Abilities, Weirdness & Mutations

You are immune to sickness and miasma.
You are immune to poison.
Your flesh is very heat resistant. (rF++)
You are vulnerable to cold. (rC-)
You float through the air rather than walking.
You learn spells naturally, not from books.
Your magical power is your life essence.
You have superior vitality. (+4 HP)


Message History

The vault guard is moderately wounded.
The fireball engulfs the vault guard!!
The vault guard is heavily wounded.
The ironbound convoker begins to recite a word of recall!
Aiming: Iron Shot (safe; 0% risk of failure)
Press: ? - help, Q - select action, (/) - cycle Shift-Dir - straight line, f/p - vault guard
Aim: a vault guard, wielding a +0 long sword, wearing a +0 plate armour and wearing a +0 tower shield (moderately wounded, 88% to hit)
Okay, then.
The vault guard hits you with a +0 dire flail!
The vault guard hits you with a +0 long sword.
* * * LOW HITPOINT WARNING * * *
Okay, then.
You feel much better.
The vault guard hits you with a +0 dire flail!
The vault guard hits you with a +0 long sword!
Blink to where?
Press: ? - help, Dir - move target, p - vault guard
As you read the scroll of blinking, it crumbles to dust.
The deep troll is recalled.
The ironbound thunderhulk is recalled.
The ironbound convoker is recalled.
The yaktaur is recalled.
The deep troll is recalled.
The ironbound frostheart is recalled.
The vault guard is recalled.
A yaktaur comes into view.
A deep troll comes into view.
An ironbound convoker comes into view. It is wielding a +0 flail.
An ironbound frostheart comes into view.
The ironbound frostheart calls freezing cold from the walls.
The frost grips you!
* * * LOW HITPOINT WARNING * * *
You are encased in ice.
A deep troll comes into view.
An ironbound thunderhulk comes into view.
It is wielding a +0 dire flail.
The vault guard barely misses you.
You reach down and open the door.
The deep troll bites you!
* * * LOW HITPOINT WARNING * * *
The deep troll claws you!
* * * LOW HITPOINT WARNING * * *
The deep troll completely misses you.
The ironbound frostheart calls freezing cold from the walls.
The frost grips you!!
You die...

*, , #######+##########
.................#
.................#
.................# ######
.................# #....##
.................# ##....##
...............p.### ##..∩.##
...............p@'.###......#
..........p....Tp#..#.......#
#######.....O.ppc#.......#..#
####* ##.........#......###.#
#.... #......)..##....## ###
.p... ##....T...###....##
+#..p. ##.......# ##....#
.#...p####.......# ######
.#....p..#p.....)#


You could see an ironbound thunderhulk, 3 vault guards, an ironbound frostheart,
2 deep trolls, 2 ironbound convokers and a yaktaur.

Vanquished Creatures
  Vashnia (Snake:2)
  Rupert (Lair:5)
  Kirke (D:14)
  2 thorn hunters (Swamp:4)
  Gastronok (Lair:3)
  13 nagarajas (Snake:4)
  An orc warlord (Orc:2)
  3 vault wardens (Vaults:1)
  3 ironbound preservers (Vaults:1)
  5 bunyips
  3 eleionomae
  Snorg (Lair:3)
  Josephine (Snake:1)
  2 shambling mangroves
  A fire dragon (Lair:6)
  15 naga warriors
  23 hydras
  3 ghost crabs
  4 vault guards
  6 salamander tyrants
  7 boulder beetles
  6 alligators
  5 anacondas
  7 two-headed ogres
  An ironbound frostheart (Vaults:1)
  7 centaur warriors
  3 tengu warriors
  6 death yaks (Lair:4)
  5 orc high priests (Orc:2)
  12 naga sharpshooters
  Sonja (D:11)
  5 shock serpents
  A deep elf knight (D:14)
  6 salamander mystics
  4 sea snakes
  2 spriggan druids (Swamp:1)
  12 swamp dragons
  5 bog bodies
  4 naga ritualists
  6 goliath frogs
  A wizard (D:14)
  7 orc knights
  An ironbound convoker (Vaults:1)
  A lindwurm (Lair:6)
  2 deep elf pyromancers (D:13)
  8 mana vipers
  A wolf spider (D:15)
  12 ugly things
  19 salamanders
  An elephant (shapeshifter) (D:15)
  4 orc sorcerers (Orc:2)
  5 cyclopes
  4 will-o-the-wisps
  5 manticores
  30 black mambas
  2 molten gargoyles (Lair:6)
  7 guardian serpents
  10 elephants
  A gargoyle (D:14)
  18 naga magi
  2 torpor snails
  3 orange demons (D:12)
  13 cane toads
  A kobold demonologist (D:11)
  2 freezing wraiths (D:14)
  18 komodo dragons
  A rime drake (Lair:6)
  5 tengu conjurers
  2 yaktaurs
  7 trolls
  2 polar bears
  5 tyrant leeches
  A bloated husk (Swamp:4)
  18 blink frogs
  22 slime creatures
  7 dream sheep
  13 hornets
  A centaur simulacrum (D:14)
  5 spriggans (Swamp:1)
  5 wyverns (Lair:6)
  2 shadows
  7 hogs (D:14)
  6 wraiths
  2 vampires (D:11)
  51 yaks
  A golden eye (shapeshifter) (D:10)
  6 vampire mosquitoes
  8 basilisks
  8 steam dragons
  19 swamp worms
  6 wargs
  3 acid dragons
  56 nagas
  10 water moccasins
  4 hell hounds (Lair:6)
  10 swamp drakes
  4 black bears
  34 orc warriors
  A sky beast (D:6)
  2 ice beasts
  A sky beast (shapeshifter) (D:11)
  2 necrophages
  5 ogres
  3 boggarts (D:14)
  19 wolves
  3 centaurs
  3 kobold brigands
  9 bullfrogs
  3 gnoll sergeants
  6 scorpions
  2 water moccasin zombies
  3 water moccasin skeletons (D:5)
  5 wights (D:8)
  5 electric eels
  A crimson imp (D:4)
  4 howler monkeys
  5 lava snakes (Lair:6)
  2 centaur zombies
  A gnoll shaman (D:6)
  3 hounds
  2 jellies (D:5)
  27 orc priests
  3 centaur skeletons
  8 hell rats (Lair:1)
  2 iguanas (D:5)
  Natasha (twice) (D:3)
  41 orc wizards
  2 hound skeletons
  3 mummies (Ossuary)
  17 gnolls
  A howler monkey zombie (D:7)
  5 adders
  8 river rats (Lair:1)
  5 dart slugs
  94 orcs
  7 endoplasms
  A giant cockroach (D:3)
  A gnoll zombie (Ossuary)
  7 goblins
  8 hobgoblins
  4 jackals
  18 kobolds
  10 quokkas
  7 ball pythons
  8 bats
  5 frilled lizards
  4 goblin zombies
  2 hobgoblin zombies
  A kobold skeleton (D:4)
  6 kobold zombies
  An orc skeleton (D:4)
  2 orc zombies (D:4)
  19 rats
  A bush (D:3)
  3 butterflies (Lair:2)
1127 creatures vanquished.

Vanquished Creatures (collateral kills)
  the Lernaean hydra (Swamp:4)
  3 orc knights (Orc:2)
  2 orc warriors (Orc:2)
  An orc (Orc:2)
  A foxfire (Lair:1)
8 creatures vanquished.

Vanquished Creatures (others)
  3 bushes (D:4)
  390 foxfires
  49 fungi
  65 plants
507 creatures vanquished.

Grand Total: 1642 creatures vanquished

Notes
Turn   | Place    | Note
-------+----------+-------------------------------------------
     0 | D:1      | ravioli the Djinni Fire Elementalist began the quest for
                  | the Orb.
     0 | D:1      | Reached XP level 1. HP: 15/15 MP: 0/0
    21 | D:1      | Reached skill level 6 in Spellcasting
    21 | D:1      | Reached XP level 2. HP: 21/21 MP: 0/0
    76 | D:1      | Reached XP level 3. HP: 22/25 MP: 0/0
    76 | D:1      | Learned a level 1 spell: Beastly Appendage
   107 | D:1      | Reached skill level 9 in Spellcasting
   107 | D:1      | Reached XP level 4. HP: 31/31 MP: 0/0
   706 | D:1      | Found Wumasosm's Assorted Antiques.
  1804 | D:2      | Found a faded altar of an unknown god.
  2034 | D:2      | Reached XP level 5. HP: 34/35 MP: 0/0
  2034 | D:2      | Learned a level 2 spell: Blink
  3090 | D:3      | Found a white marble altar of Elyvilon.
  3888 | D:3      | Noticed Natasha
  3889 | D:3      | Killed Natasha
  4031 | D:3      | Found an opulent altar of Gozag.
  4039 | D:3      | Found a sacrificial altar of Ru.
  4207 | D:4      | Noticed a steam dragon
  4218 | D:4      | Reached XP level 6. HP: 32/40 MP: 0/0
  4281 | D:4      | Killed a steam dragon
  4392 | D:4      | Reached XP level 7. HP: 36/45 MP: 0/0
  4392 | D:4      | Learned a level 3 spell: Confusing Touch
  4490 | D:4      | Found a glowing golden altar of the Shining One.
  4604 | D:4      | Found a sand-covered staircase.
  4613 | Ossuary  | Entered an ossuary
  4613 | Ossuary  | Noticed a wraith
  4613 | Ossuary  | Noticed a wraith
  4613 | Ossuary  | Noticed a wraith
  5259 | Ossuary  | Noticed a wraith
  5290 | Ossuary  | Killed a wraith
  6233 | D:4      | Reached skill level 10 in Spellcasting
  6293 | D:4      | Reached XP level 8. HP: 43/50 MP: 0/0
  7228 | D:4      | Found a blossoming altar of Fedhas.
  8430 | D:4      | Found a stormy altar of Qazlal.
  8435 | D:4      | Reached skill level 1 in Unarmed Combat
  8654 | D:1      | Bought a shimmering copper amulet for 130 gold pieces
  8654 | D:1      | Identified the amulet "Plog" {rElec Regen+ Int+5 Dex+2}
                  | (You bought it in a shop on level 1 of the Dungeon)
  8842 | D:5      | Entered Level 5 of the Dungeon
  8842 | D:5      | Noticed a hornet
  8844 | D:5      | Killed a hornet
  8872 | D:5      | Reached skill level 1 in Evocations
  9028 | D:5      | Identified the +5 hand axe "Murmur" {protect, rF+ rCorr
                  | Str+5 Dex-3}
  9325 | D:5      | Reached XP level 9. HP: 51/55 MP: 0/0
  9325 | D:5      | Learned a level 3 spell: Tukima's Dance
  9492 | D:5      | Found a hide-covered altar of Uskayaw.
  9647 | D:3      | Noticed Natasha
  9648 | D:3      | Killed Natasha
 10088 | D:1      | Bought a translucent helmet for 247 gold pieces
 10088 | D:1      | Identified the +2 helmet of Distant Worlds {Regen+ Int+5}
                  | (You bought it in a shop on level 1 of the Dungeon)
 10809 | D:6      | Found a staircase to the Ecumenical Temple.
 10923 | Temple   | Entered the Ecumenical Temple
 10930 | Temple   | Became a worshipper of Ashenzari the Shackled
 10930 | Temple   | Identified 2 scrolls of acquirement
 10931 | Temple   | Acquired 757 gold pieces
 10932 | Temple   | Acquired 348 gold pieces
 12281 | D:7      | Found Zunaclaisi's Assorted Antiques.
 12425 | D:7      | Reached skill level 11 in Spellcasting
 12574 | D:7      | Bought a runed robe for 118 gold pieces
 12758 | D:7      | Reached XP level 10. HP: 53/60 MP: 0/0
 13603 | D:8      | Found a staircase to the Lair.
 13629 | D:8      | Found a shadowy altar of Dithmenos.
 13630 | D:8      | Found a hazy altar of Hepliaklqana.
 13745 | D:8      | Reached * piety under Ashenzari
 14995 | D:9      | Found a staircase to the Orcish Mines.
 15422 | D:10     | Entered Level 10 of the Dungeon
 15425 | D:10     | Reached skill level 12 in Spellcasting
 15448 | D:10     | Noticed a two-headed ogre
 15482 | D:10     | Killed a two-headed ogre
 15483 | D:10     | Reached XP level 11. HP: 60/66 MP: 0/0
 15483 | D:10     | Learned a level 4 spell: Dispel Undead
 15549 | D:10     | Reached ** piety under Ashenzari
 15875 | D:10     | Noticed a centaur warrior
 15881 | D:10     | Killed a centaur warrior
 15888 | D:10     | Noticed a cyclops
 15889 | D:10     | Killed a cyclops
 16310 | D:10     | Noticed a two-headed ogre
 16315 | D:10     | Killed a two-headed ogre
 16446 | D:10     | Found Boledghuys's Island Escapes.
 16454 | D:10     | Bought a scroll of blinking for 112 gold pieces
 16726 | D:11     | Noticed Sonja
 16728 | D:11     | Killed Sonja
 16743 | D:11     | Identified the +0 buckler of Free Will {rPois rC++ Will-
                  | Int+3}
 17288 | D:11     | Noticed a two-headed ogre
 17289 | D:11     | Killed a two-headed ogre
 17290 | D:11     | Reached skill level 13 in Spellcasting
 17290 | D:11     | Reached skill level 5 in Evocations
 17290 | D:11     | Reached XP level 12. HP: 65/71 MP: 0/0
 17993 | D:11     | Noticed a two-headed ogre
 18023 | D:11     | Killed a two-headed ogre
 18035 | D:11     | Noticed a centaur warrior
 18041 | D:11     | Killed a centaur warrior
 18042 | D:11     | Reached skill level 5 in Stealth
 18055 | D:11     | Noticed a boulder beetle
 18410 | Orc:1    | Entered Level 1 of the Orcish Mines
 18676 | Orc:1    | Reached *** piety under Ashenzari
 18972 | Orc:2    | Entered Level 2 of the Orcish Mines
 20075 | Orc:1    | Reached skill level 14 in Spellcasting
 21633 | Orc:2    | Reached XP level 13. HP: 47/77 MP: 0/0
 21633 | Orc:2    | Learned a level 5 spell: Lightning Bolt
 21714 | Orc:2    | Noticed an orc warlord
 21719 | Orc:2    | Killed an orc warlord
 22000 | Orc:2    | Found a staircase to the Elven Halls.
 22057 | Orc:2    | Found Konyc's Jewellery Emporium.
 22874 | Orc:2    | Reached skill level 15 in Spellcasting
 23161 | Orc:2    | Found Oluestrufoy's General Store.
 23165 | Orc:2    | Found Beyziym's Book Shop.
 23170 | Orc:2    | Found Ucheyrio's Antique Armour Shop.
 23170 | Orc:2    | Found Qosar's Antique Weapon Boutique.
 23194 | Orc:2    | Bought a jewelled war axe for 212 gold pieces
 23194 | Orc:2    | Identified the +9 war axe of the Lettuce {elec, Int+3} (You
                  | bought it in a shop on level 2 of the Orcish Mines)
 23194 | Orc:2    | Bought a dazzling morningstar for 225 gold pieces
 23194 | Orc:2    | Identified the +6 morningstar of the Lurker {spect, rF++
                  | rC+ SInv} (You bought it in a shop on level 2 of the Orcish
                  | Mines)
 23481 | Lair:1   | Entered Level 1 of the Lair of Beasts
 24147 | Lair:1   | Reached XP level 14. HP: 80/83 MP: 0/0
 26665 | Lair:2   | Found a dark tunnel.
 26696 | Lair:2   | Reached skill level 16 in Spellcasting
 27162 | Lair:2   | Found a staircase to the Swamp.
 27753 | Lair:3   | Noticed Snorg
 27756 | Lair:3   | Killed Snorg
 28139 | Lair:3   | Noticed Gastronok
 28150 | Lair:3   | Killed Gastronok
 28542 | Lair:4   | Found a staircase to the Snake Pit.
 28574 | Lair:4   | Found a runed translucent door.
 28622 | Lair:4   | Reached XP level 15. HP: 81/90 MP: 0/0
 28622 | Lair:4   | Learned a level 6 spell: Iron Shot
 29293 | Lair:4   | Reached skill level 10 in Evocations
 29941 | D:11     | Reached skill level 17 in Spellcasting
 30574 | Lair:5   | Noticed Rupert
 30577 | Lair:5   | Killed Rupert
 31565 | Lair:6   | Entered Level 6 of the Lair of Beasts
 33301 | D:13     | Reached XP level 16. HP: 89/94 MP: 0/0
 33407 | D:13     | Found Gokkoel's Jewellery Emporium.
 34444 | D:14     | Noticed Kirke
 34459 | D:14     | Killed Kirke
 35009 | D:14     | Reached skill level 1 in Fighting
 35568 | D:1      | Bought a scroll of fear for 91 gold pieces
 35568 | D:1      | Bought a scroll labelled DIOTSI HUSO for 26 gold pieces
 35568 | D:1      | Bought 2 potions of heal wounds for 260 gold pieces
 35835 | D:14     | Reached skill level 18 in Spellcasting
 36264 | D:14     | Found a gate to the Vaults.
 36632 | D:15     | Entered Level 15 of the Dungeon
 36769 | D:15     | Found a staircase to the Depths.
 37669 | Snake:1  | Entered Level 1 of the Snake Pit
 37683 | Snake:1  | Found Jilarrak's Jewellery Boutique.
 37687 | Snake:1  | Found Vefron's General Store.
 37807 | Snake:1  | Bought a potion of haste for 120 gold pieces
 38194 | Snake:1  | Noticed Josephine
 38331 | Snake:1  | Reached XP level 17. HP: 84/105 MP: 0/0
 38331 | Snake:1  | Learned a level 7 spell: Summon Hydra
 38449 | Snake:1  | Killed Josephine
 39261 | Lair:6   | Found a staircase to the Slime Pits.
 39395 | Lair:6   | Found the +8 arc blade {discharge, rElec}
 40316 | Lair:6   | Reached skill level 19 in Spellcasting
 40402 | Lair:6   | Found a large runed translucent door.
 40569 | Lair:6   | Found a large runed translucent door.
 41111 | Snake:2  | Reached skill level 5 in Dodging
 41585 | Snake:2  | Found an opulent altar of Gozag.
 41746 | Snake:2  | Noticed Vashnia
 42077 | Snake:2  | Killed Vashnia
 42461 | Snake:2  | Reached XP level 18. HP: 110/114 MP: 0/0
 43424 | Snake:3  | Identified the +6 chain mail of Arhyqy {Harm rElec rPois
                  | Str-3}
 44966 | Snake:3  | Found a hazy altar of Hepliaklqana.
 45344 | Snake:4  | Entered Level 4 of the Snake Pit
 45699 | Snake:4  | Reached skill level 20 in Spellcasting
 46988 | Snake:4  | Reached XP level 19. HP: 111/119 MP: 0/0
 46988 | Snake:4  | Learned a level 6 spell: Shadow Creatures
 47127 | Snake:4  | Got a serpentine rune of Zot
 48038 | Snake:4  | Identified the +0 mace "Orb Guardian's Peril" {pain, rN+}
 48757 | Swamp:1  | Entered Level 1 of the Swamp
 50882 | Swamp:3  | Noticed iwittbrodt's ghost (journeyman MiGl)
 50885 | Swamp:3  | Found a transporter.
 50897 | Swamp:3  | Reached skill level 21 in Spellcasting
 51006 | Swamp:3  | Found a bloodstained altar of Trog.
 51017 | Swamp:3  | Found a transporter.
 51751 | Swamp:4  | Entered Level 4 of the Swamp
 52105 | Swamp:4  | Reached XP level 20. HP: 121/125 MP: 0/0
 52156 | Swamp:4  | Noticed the 27-headed Lernaean hydra
 52281 | Swamp:4  | Killed the 27-headed Lernaean hydra
 52524 | Swamp:4  | Got a decaying rune of Zot
 53056 | Vaults:1 | Entered Level 1 of the Vaults
 54214 | Vaults:1 | HP: 4/125 [deep troll[an ironbound preserver] (11)]
 54214 | Vaults:1 | Killed from afar by an ironbound frostheart

Illustrated notes

Levels and vault maps discovered:
D:1:      matt_arrival_los_fun, layout_basic, serial_shops,
          nicolae_shop_overgrown_old_shop
D:2:      layout_rooms, shapermc_ecumenical_altar_venn, minmay_tall_x
D:3:      layout_loops_ring, lemuel_doored_altar, mainiacjoe_overflow_big_doors,
          kennysheep_generic_room_7, uniq_natasha
D:4:      layout_basic, nicolae_tso_besieged_by_evil,
          fedhas_altar_decomposition, nicolae_qazlal_eye_of_the_storm,
          nicolae_ossuary_entry_monument
D:5:      minmay_bubble_buster, layout_rooms, amcnicky_altar_gilded
D:6:      layout_cave_pods, temple_pool_b
D:7:      layout_basic, serial_shops, nicolae_shop_waterfront
D:8:      layout_rooms, riverfiend_overflow_shadow_ancestor,
          nicolae_overflow_hidden_temple, grunt_lair_entry_orc_guard_hut
D:9:      layout_basic, david_orc_3, minivault_25_ag, moated_statue,
          amcnicky_mini_pool_small
D:10:     kennysheep_big_flooded_room, layout_irregular_city,
          nicolae_island_escapes
D:11:     minmay_the_grid_octo_2x2 [minmay_the_grid_octo_odd_swirl,
          minmay_the_grid_octo_thin_diamonds,
          minmay_the_grid_octo_tetromino_candy,
          minmay_the_grid_octo_prize_square_snowflake], layout_basic, uniq_sonja
D:12:     layout_loops_ring, einodemon_barbed_minivault
D:13:     layout_basic, serial_shops, shop_fountains
D:14:     layout_small_grid, grunt_vaults_entry_fortified,
          roderic_roman_lattice, uniq_kirke
D:15:     hangedman_depths_entry_try_elsewhere_first, layout_basic
Temple:   nicolae_temple_x_marks_the_god
Lair:1:   lemuel_ratsnest, layout_cellular_growth,
          nicolae_quartered_pool_medium, beast_lair_carwin_3,
          serial_bayou_shore_a
Lair:2:   layout_roguey, nicolae_swamp_entry_splash_gauntlet,
          nicolae_volcano_entry_two_sided, minmay_holes, st_stairs_9,
          lemuel_fruit_fields
Lair:3:   layout_cellular_growth, uniq_snorg, uniq_gastronok
Lair:4:   layout_gridlike, dummy_snake_entry, st_stairs_4, pf_torpor_hydra,
          grunt_megastairs_3
Lair:5:   layout_roguey, beast_lair_carwin_2, uniq_rupert
Lair:6:   cheibrodos_lair_end_hotspot, layout_gridlike, slime_dummy
Swamp:1:  layout_basic_swamp, evilmike_swamp_ruin_house_5
Swamp:2:  layout_basic_swamp, evilmike_swamp_ruin_rubble_2
Swamp:3:  layout_basic_swamp, gammafunk_ghost_wrathful_warriors,
          infiniplex_staircase_pool_2
Swamp:4:  swamp_alternative, layout_basic_swamp, swamp_pool2
Snake:1:  layout_onion_interference, serial_bayou_ford_a, minmay_shop_star,
          uniq_josephine
Snake:2:  layout_gridlike, basic_altar, grunt_megastairs_1, uniq_vashnia
Snake:3:  layout_basic, basic_altar
Snake:4:  grunt_snake_rune_spirals, layout_onion
Orc:1:    layout_diamond_mine
Orc:2:    st_orc_congregation, layout_caves, serial_shops, nicolae_shop_trees,
          statue_in_the_mist_lemuel, mines4_lemuel
Vaults:1: v_misc_9, v_rooms_2, ontoclasm_vaults_twist, nicolae_vaults_meeting,
          nicolae_vaults_mini_display_case, nicolae_vaults_three_branches,
          nicolae_vaults_angled_halls, grunt_vaults_diagonal,
          vaults_room_door_ring, layout_vaults_big_room, serial_shops, shop

Skill      XL: |  1  2  3  4  5  6  7  8  9 10 11 12 13 14 15 16 17 18 19 |
---------------+----------------------------------------------------------+-----
Spellcasting   | 6 9 10 11 12 13 14 15 16 17 18 19 20 21 | 21.7
Stealth        | 2 3 4 5 6 |  6.6
Dodging        | 3 4 5 6 8 |  8.6
Unarmed Combat | 1 |  1.1
Evocations     | 2 3 5 6 8 9 10 12 13 | 13.9
Fighting       | 1 2 |  2.5

Action                   |  1- 3 |  4- 6 |  7- 9 | 10-12 | 13-15 | 16-18 | 19-21 || total
-------------------------+-------+-------+-------+-------+-------+-------+-------++-------
Melee: Unarmed           |       |     3 |     1 |       |       |       |       ||     4
       Staff             |       |       |       |       |       |     1 |       ||     1
 Cast: Foxfire           |     6 |    68 |    61 |    52 |    41 |     5 |       ||   233
       Fireball          |       |     7 |    63 |   144 |   254 |   126 |     6 ||   600
       Sticky Flame      |       |     3 |    19 |     7 |    13 |       |       ||    42
       Blink             |       |       |     4 |     3 |     8 |     4 |     2 ||    21
       Dispel Undead     |       |       |       |     4 |       |       |     1 ||     5
       Tukima's Dance    |       |       |       |     3 |     6 |     2 |     1 ||    12
       Conjure Flame     |       |       |       |     1 |       |       |       ||     1
       Lightning Bolt    |       |       |       |       |    33 |    24 |     2 ||    59
       Iron Shot         |       |       |       |       |    19 |   308 |   188 ||   515
       Beastly Appendage |       |       |       |       |       |     5 |       ||     5
       Shadow Creatures  |       |       |       |       |       |       |     2 ||     2
Invok: Curse Item        |       |       |       |     4 |       |     1 |       ||     5
       Shatter the Chain |       |       |       |       |     1 |       |       ||     1
Evoke: Wand              |       |     2 |       |       |       |       |       ||     2
  Use: Potion            |     2 |       |     5 |     1 |     1 |     5 |     3 ||    17
       Scroll            |       |       |     3 |     1 |       |     7 |     2 ||    13
Armor: Robe              |       |    15 |     7 |    15 |     8 |    14 |    11 ||    70
       Skin              |       |       |     1 |       |       |       |       ||     1
Dodge: Dodged            |     2 |    44 |    25 |    29 |    26 |    81 |    32 ||   239
